 Dungeon Crawl Stone Soup version 0.28.0 (webtiles) character file.

Game seed: 5993905263616455953

256 danielguo94 the Cudgeller (level 6, -16/38 HPs)
             Began as a Gargoyle Fighter on Feb 6, 2022.
             Killed from afar by Pikel (28 damage)
             ... with a bolt of acid
             ... on level 4 of the Dungeon.
             The game lasted 00:03:58 (2877 turns).

danielguo94 the Cudgeller (Gargoyle Fighter)        Turns: 2877, Time: 00:03:59

Health: -16/38     AC: 12    Str: 21    XL:     6   Next: 15%
Magic:  6/6        EV:  9    Int:  9    God:
Gold:   112        SH:  4    Dex:  9    Spells: 5/5 levels left

rFire   . . .      SeeInvis .   a - +0 flail
rCold   . . .      Faith    .   c - +0 buckler
rNeg    + . .      Spirit   .   b - +0 scale mail
rPois   ∞          Reflect  .   f - +0 helmet
rElec   +          Harm     .   (no cloak)
rCorr   .          Rampage  .   (no gloves)
Will    .....                   (no boots)
Stlth   ..........              (no amulet)
HPRegen 0.12/turn               (no ring)
MPRegen 0.10/turn               (no ring)

@: no status effects
A: sickness immunity, AC +4, negative energy resistance 1, electricity
resistance, torment resistance 1, petrification resistance
a: no special abilities


You were on level 4 of the Dungeon.
You visited 1 branch of the dungeon, and saw 4 of its levels.

You collected 112 gold pieces.

Inventory:

Hand Weapons
 a - a +0 flail (weapon)
Missiles
 e - 72 stones (quivered)
 l - 3 javelins
 n - 5 poisoned darts
Armour
 b - a +0 scale mail (worn)
 c - a +0 buckler (worn)
 f - a +0 helmet (worn)
Scrolls
 g - a scroll of enchant armour {unknown}
 m - a scroll of fear {unknown}
 o - a scroll of blinking {unknown}
 p - 2 scrolls of fog {unknown}
 q - a scroll of noise {unknown}
Potions
 d - a potion of might
 h - a potion of heal wounds
 i - 5 potions of curing
 j - a potion of haste
 k - a potion of brilliance {unknown}


   Skills:
 + Level 4.3 Fighting
 * Level 4.9 Maces & Flails
 + Level 3.8 Armour
 + Level 0.4 Dodging
 + Level 4.0 Shields


You had 5 spell levels left.
You didn't know any spells.
Your spell library contained the following spells:

 Spells                   Type           Power      Damage    Failure   Level
 Animate Skeleton         Necr           0%         N/A       80%         1
 Apportation              Tloc           0%         N/A       80%         1
 Summon Small Mammal      Summ           0%         N/A       80%         1
 Wereblood                Tmut           0%         N/A       91%         2
 Passage of Golubria      Tloc           0%         N/A       100%        4
 Fireball                 Conj/Fire      0%         3d3       100%        5
 Iskenderun's Battlesphe  Conj           0%         2d6       100%        5
 Silence                  Hex/Air        0%         N/A       100%        5
 Conjure Ball Lightning   Conj/Air       0%         3x3d6     100%        6
 Orb of Destruction       Conj           0%         9d5       100%        7
 Summon Hydra             Summ           0%         N/A       100%        7
 Lehudib's Crystal Spear  Conj/Erth      0%         10d2      100%        8
 Sublimation of Blood     Necr           Unusable   N/A       N/A         2

Dungeon Overview and Level Annotations

Branches:
Dungeon (4/15)
 Temple: D:4-7

Altars:

Annotations:
D:4 Pikel


Innate Abilities, Weirdness & Mutations

You are immune to sickness and miasma.
Your stone body is resilient. (AC +4)
You are immune to poison.
You resist negative energy. (rN+)
You are resistant to electric shocks. (rElec)
You are resistant to unholy torment.
You are immune to petrification.


Message History

You barely miss the lemure.
The lemure is heavily wounded.
The lemure closely misses you.
You completely miss Pikel. You miss Pikel. Pikel barely misses you.
You block Pikel's attack.
You barely miss Pikel. Pikel hits you but does no damage.
You closely miss Pikel. Pikel closely misses you.
You hit Pikel but do no damage.
Pikel hits you with a +0 whip of flaming.
Pikel burns you.
You barely miss Pikel. Pikel hits you but does no damage.
You barely miss Pikel.
Pikel hits you with a +0 whip of flaming!
Pikel burns you. Pikel hits you but does no damage.
You are too injured to fight recklessly!
You are too injured to fight recklessly!
You are too injured to fight recklessly!
You are too injured to fight recklessly!
You are too injured to fight recklessly!
You are too injured to fight recklessly!
You are too injured to fight recklessly!
You are too injured to fight recklessly!
You are too injured to fight recklessly!
You are too injured to fight recklessly!
You are too injured to fight recklessly!
You are too injured to fight recklessly!
You closely miss Pikel. Pikel barely misses you.
You closely miss Pikel. Pikel hits you but does no damage.
You barely miss Pikel.
Pikel hits you with a +0 whip of flaming.
Pikel burns you.
You thump Pikel!
Pikel is lightly wounded.
Pikel hits you but does no damage.
You closely miss Pikel.
Pikel is lightly wounded.
Pikel hits you but does no damage.
Pikel zaps a wand.
The bolt of acid hits you!!
Ouch! That really hurt!
You die...

###.....# .......#
######.....########.
####..........#<.......
+.................>####
####.####.......##.....
#.# #....##.# ####
#.####.##.##........
#..@K5o<#.#########.
######5##..
............#
#######.###.#


.oo .# ... ..... K.... ....... You could see Pikel, 2 lemures and an orc.

Vanquished Creatures
  A hornet zombie (D:3)
  Jessica (D:2)
  Robin (D:2)
  3 adders
  A worm (D:3)
  2 orcs (D:4)
  7 ball pythons
  A bat (D:1)
  9 endoplasms
  3 giant cockroaches
  17 goblins
  13 hobgoblins
  7 jackals
  6 kobolds
  2 quokkas
  4 frilled lizards
  A quokka skeleton (D:4)
  8 rats
87 creatures vanquished.

Notes
Turn   | Place    | Note
-------+----------+-------------------------------------------
     0 | D:1      | danielguo94 the Gargoyle Fighter began the quest for the
                  | Orb.
     0 | D:1      | Reached XP level 1. HP: 14/14 MP: 1/1
   151 | D:1      | Reached XP level 2. HP: 9/19 MP: 2/2
   737 | D:1      | Reached XP level 3. HP: 22/24 MP: 3/3
  1206 | D:2      | Noticed Jessica
  1219 | D:2      | Killed Jessica
  1220 | D:2      | Reached XP level 4. HP: 11/29 MP: 4/4
  1618 | D:3      | Noticed Robin
  1866 | D:2      | Killed Robin
  1867 | D:2      | Reached XP level 5. HP: 22/33 MP: 5/5
  2267 | D:3      | Reached XP level 6. HP: 8/38 MP: 6/6
  2750 | D:3      | Found a faded altar of an unknown god.
  2845 | D:4      | Noticed Pikel
  2877 | D:4      | Killed from afar by Pikel

Illustrated notes

Levels and vault maps discovered:
D:1:      dpeg_arrival_simpleton_a, layout_loops_ring, serial_co_window_serial,
          co_window_paths_a, co_window_paths_a, co_window_paths_b,
          co_window_paths_a, co_window_paths_a, co_window_2corner,
          co_window_unsneaky_path_d, co_window_unsneaky_path_a,
          co_window_paths_e, glass_columns_c, glass_columns_c, glass_columns_a,
          glass_columns_b, hangedman_abyss_or_decor_lesser_grid, minmay_tall_x
D:2:      layout_basic, uniq_jessica
D:3:      layout_rooms, dreamdust_ecumenical_altar_angels_and_demons,
          kennysheep_generic_room_6, uniq_robin
D:4:      layout_basic, uniq_pikel

Skill      XL: |  1  2  3  4  5  6 |
---------------+-------------------+-----
Maces & Flails | 3 4 |  4.9
Fighting       | 4 |  4.3
Shields        | 4 |  4.0
Armour         | |  3.8
Dodging        | |  0.4

Action                   |  1- 3 |  4- 6 || total
-------------------------+-------+-------++-------
Melee: Flail             |   116 |   218 ||   334
  Use: Scroll            |       |     2 ||     2
       Potion            |       |     1 ||     1
Armor: Scale mail        |    57 |   118 ||   175
Dodge: Dodged            |    49 |   101 ||   150
Block: Buckler           |    19 |    67 ||    86
